Harfangs vs Saguenéens
(R1)
Created - 29 octobre 2016 at 19:34
Goals
|
| Harfangs |
2 |
1 |
1 |
4 |
| Saguenéens |
3 |
1 |
1 |
5 |
|
Shots
|
| Harfangs |
8 |
7 |
16 |
31 |
| Saguenéens |
8 |
18 |
5 |
31 |
|
1st period
1. Harfangs , Brock Nelson 2 (Mika Zibanejad) at 11:56 (PP)
2. Saguenéens , Kyle Brodziak 2 (Mason Raymond, Tyler Kennedy) at 17:51 (PP)
3. Saguenéens , Tyler Kennedy 2 (Kyle Brodziak) at 17:59
4. Saguenéens , Craig Cunningham 1 (Rhett Rakhshani, Rickard Rakell) at 18:57
5. Harfangs , Dennis Everberg 2 (Cam Fowler, Brock Nelson) at 19:30 (PP)
Penalties :
Dalton Prout (Chi) for Roughing (Minor) at 11:44, Joel Armia (BEA) for Roughing (Minor) at 14:31, Jean-Gabriel Pageau (BEA) for Roughing (Minor) at 16:55, Dalton Prout (Chi) for Holding (Minor) at 19:22
2nd period
6. Saguenéens , Spencer Machacek 3 (Erik Haula, Tim Kennedy) at 0:40
7. Harfangs , Tomas Tatar 2 (Jean-Gabriel Pageau, Dylan Olsen) at 14:36
Penalties :
Rickard Rakell (Chi) for Roughing (Minor) at 4:06, Mika Zibanejad (BEA) for Cross-checking (Minor) at 7:40
3rd period
8. Saguenéens , Spencer Machacek 4 (Tim Kennedy, Erik Haula) at 2:57
9. Harfangs , Tomas Tatar 3 (Jean-Gabriel Pageau) at 11:08 (SH)
Penalties :
Cam Fowler (BEA) for Hooking (Minor) at 4:59, Juraj Mikus (Chi) for Hooking (Minor) at 8:57, Mika Zibanejad (BEA) for Hooking (Minor) at 9:20, Mason Raymond (Chi) for Tripping (Minor) at 17:15
Goalie Stats
Darcy Kuemper (BEA), 5 saves from 9 shots - (0,556), 20:40 minutes
Mark Visentin (BEA), 21 saves from 22 shots - (0,955), L, 0-2-0, 38:50 minutes
Mike Smith (Chi), 27 saves from 31 shots - (0,871), W, 2-0-1, 60:00 minutes
Players Stats for Harfangs
Player Name G A P +/- PIM S H SB GA TA FO MP PP MP PK MP
------------------------------------------------------------------------------------
Brandon Pirri 0 0 0 -1 0 4 1 2 0 0 1/4 10:26 0:12 0:08
Brian Lashoff 0 0 0 -3 0 1 2 5 0 0 0/0 28:15 2:27 4:24
Brock Nelson 1 1 2 -1 0 3 1 1 0 0 0/0 22:05 3:01 4:00
Calle Jarnkrok 0 0 0 0 0 1 0 0 1 0 0/2 10:41 0:00 1:30
Cam Fowler 0 1 1 -3 2 0 0 4 1 1 0/0 27:27 2:27 3:06
Dennis Everberg 1 0 1 -1 0 2 0 0 0 1 0/1 17:49 2:49 0:00
Dustin Jeffrey 0 0 0 -1 0 4 1 2 0 0 4/9 15:01 0:00 4:00
Dylan Olsen 0 1 1 1 0 1 1 0 0 1 0/0 19:13 2:14 2:52
Emerson Etem 0 0 0 -1 0 1 3 2 0 0 0/0 14:34 1:40 0:00
Jean-Gabriel Pageau 0 2 2 0 2 1 1 0 0 0 4/11 16:34 1:40 1:38
Joel Armia 0 0 0 -1 2 1 1 0 0 0 0/0 9:25 0:00 0:00
Mark Alt 0 0 0 0 0 0 1 2 0 0 0/0 11:57 0:00 0:00
Mika Zibanejad 0 1 1 -1 4 0 2 0 0 0 9/32 17:30 2:48 0:00
Mike Hoffman 0 0 0 0 0 4 1 0 3 0 0/0 10:49 0:12 0:15
Nathan Beaulieu 0 0 0 1 0 3 2 1 0 0 0/0 19:32 2:14 3:01
Reid McNeill 0 0 0 0 0 1 1 1 0 0 0/0 12:44 0:00 1:09
Sebastian Wannstrom 0 0 0 0 0 0 0 0 0 0 1/1 8:57 0:00 0:00
Tomas Tatar 2 0 2 0 0 4 0 1 2 0 2/3 18:04 1:40 3:01
Players Stats for Saguenéens
Player Name G A P +/- PIM S H SB GA TA FO MP PP MP PK MP
------------------------------------------------------------------------------------
Brett Lebda 0 0 0 1 0 2 2 1 0 0 0/0 28:24 4:18 2:35
Carl Hagelin 0 0 0 0 0 1 0 0 0 0 1/1 10:34 0:00 0:00
Craig Cunningham 1 0 1 0 0 2 2 0 0 0 0/0 8:51 0:00 1:12
Dalton Prout 0 0 0 1 4 0 1 1 0 0 0/0 28:03 4:18 2:15
Erik Haula 0 2 2 1 0 2 1 0 0 0 3/5 15:57 3:05 0:00
Juraj Mikus 0 0 0 0 2 1 0 1 0 0 1/2 10:36 0:03 0:00
Kyle Brodziak 1 1 2 1 0 3 1 0 0 0 26/39 20:24 4:05 1:50
Luke Witkowski 0 0 0 0 0 1 0 0 0 3 0/0 19:55 2:58 2:06
Mason Raymond 0 1 1 1 2 3 3 1 2 0 2/3 20:38 4:08 0:34
Nick Mattson 0 0 0 1 0 0 0 0 0 1 0/0 11:28 0:00 0:20
Oscar Klefbom 0 0 0 1 0 0 0 0 0 1 0/0 11:07 0:00 0:00
Rhett Rakhshani 0 1 1 0 0 1 2 0 0 0 1/1 9:21 0:00 1:02
Rickard Rakell 0 1 1 0 2 2 1 0 0 0 2/2 8:41 0:00 0:48
Roman Josi 0 0 0 0 0 0 0 1 0 0 0/0 19:55 2:58 2:06
Spencer Machacek 2 0 2 1 0 5 4 0 0 1 0/0 16:34 3:05 0:34
Teemu Pulkkinen 0 0 0 0 0 0 0 0 0 0 1/1 2:55 0:06 0:36
Tim Kennedy 0 2 2 1 0 2 0 0 0 0 0/0 15:41 3:05 0:00
Tyler Kennedy 1 1 2 1 0 6 0 4 1 1 5/9 22:37 4:05 2:46
Tyler Pitlick 0 0 0 0 0 0 2 0 0 0 0/0 11:57 0:06 0:00
3 Stars
1 - Spencer Machacek (Chi)
2 - Tomas Tatar (BEA)
3 - Tyler Kennedy (Chi)
Power Play
Harfangs - 2 on 5 Attempt(s) - 40,00%
Saguenéens - 1 on 5 Attempt(s) - 20,00%
Penalty Kill
Harfangs - 4 on 5 Attempt(s) - 80,00%
- Score 1 goal in Penalty Kill
Saguenéens - 3 on 5 Attempt(s) - 60,00%
- Score 0 goal in Penalty Kill
Team Stat
Harfangs - Hits : 18 - Faceoff Wins : 21 - Blocked Shots : 21 - Penalty Minutes : 10
Saguenéens - Hits : 19 - Faceoff Wins : 42 - Blocked Shots : 9 - Penalty Minutes : 10
Official
Referees : Kowal Tom and Rooney Chris
Linesman : Jay Sharrers and Mark Pare
Game Notes
Mark Visentin enters game at 0:40 of 2nd period
Kyle Brodziak is injured at 14:29 of 3rd period (Bruised Left Arm)
Finance
Level 1 -- Attendance: 1340 (67,00%) -- Ticket Income 53 600 $
Level 2 -- Attendance: 723 (72,30%) -- Ticket Income 14 460 $
Total Attendance: 2063 (68,77%)
Total Ticket Income: 68 060 $
Other Income: 3 403 $
Total Income: 71 463 $
Harfangs
5 vs 5 Forward
Center Left Wing Right Wing Time % Phy DF OF
1 Mika Zibanejad Brock Nelson Dennis Everberg 40 1 2 2
2 Jean-Gabriel Pageau Tomas Tatar Emerson Etem 30 1 2 2
3 Brandon Pirri Dustin Jeffrey Joel Armia 20 1 2 2
4 Calle Jarnkrok Mike Hoffman Sebastian Wannstrom 10 1 2 2
5 vs 5 Defense
Defense Defense Time % Phy DF OF
1 Cam Fowler Brian Lashoff 40 1 2 2
2 Nathan Beaulieu Dylan Olsen 30 1 2 2
3 Mark Alt Reid McNeill 20 1 2 2
4 Cam Fowler Brian Lashoff 10 1 2 2
PowerPlay Forward
Center Left Wing Right Wing Time % Phy DF OF
1 Mika Zibanejad Brock Nelson Dennis Everberg 60 1 2 2
2 Jean-Gabriel Pageau Tomas Tatar Emerson Etem 40 1 2 2
PowerPlay Defense
Defense Defense Time % Phy DF OF
1 Cam Fowler Brian Lashoff 60 1 2 2
2 Nathan Beaulieu Dylan Olsen 40 1 2 2
Penalty Kill 4 Players Forward
Center Wing Time % Phy DF OF
1 Dustin Jeffrey Brock Nelson 60 1 2 2
2 Tomas Tatar Jean-Gabriel Pageau 40 1 2 2
Penalty Kill 4 Players Defense
Defense Defense Time % Phy DF OF
1 Cam Fowler Brian Lashoff 60 1 2 2
2 Nathan Beaulieu Dylan Olsen 40 1 2 2
Penalty Kill - 3 Players Forward
Forward Time % Phy DF OF
1 Dustin Jeffrey 60 1 2 2
2 Brock Nelson 40 1 2 2
Penalty Kill - 3 Players Defense
Defense Defense Time % Phy DF OF
1 Cam Fowler Brian Lashoff 60 1 2 2
2 Nathan Beaulieu Dylan Olsen 40 1 2 2
4 vs 4 Forward
Center Wing Time % Phy DF OF
1 Dustin Jeffrey Brock Nelson 60 1 2 2
2 Tomas Tatar Jean-Gabriel Pageau 40 1 2 2
4 vs 4 Defense
Defense Defense Time % Phy DF OF
1 Cam Fowler Brian Lashoff 60 1 2 2
2 Nathan Beaulieu Dylan Olsen 40 1 2 2
Last Minutes Offensive
Center Left Wing Right Wing Defense Defense
Jean-Gabriel Pageau Dustin Jeffrey Dennis Everberg Cam Fowler Brian Lashoff
Last Minutes Defensive
Center Left Wing Right Wing Defense Defense
Jean-Gabriel Pageau Dustin Jeffrey Dennis Everberg Cam Fowler Brian Lashoff
Goaltenders
Starting : Darcy Kuemper
Backup : Mark Visentin
Extra Forwards
Normal : Mike Hoffman, Brandon Pirri, Calle Jarnkrok - PP : Mike Hoffman, Brandon Pirri - PK : Calle Jarnkrok
Extra Defensemen
Normal : Mark Alt, Reid McNeill, Nathan Beaulieu - PP : Mark Alt - PK : Reid McNeill, Nathan Beaulieu
Penalty Shots
Dustin Jeffrey, Brock Nelson, Tomas Tatar, Jean-Gabriel Pageau, Mika Zibanejad
Saguenéens
5 vs 5 Forward
Center Left Wing Right Wing Time % Phy DF OF
1 Kyle Brodziak Mason Raymond Tyler Kennedy 40 1 2 2
2 Erik Haula Tim Kennedy Spencer Machacek 30 1 2 2
3 Juraj Mikus Carl Hagelin Tyler Pitlick 20 1 2 2
4 Rickard Rakell Craig Cunningham Rhett Rakhshani 10 1 2 2
5 vs 5 Defense
Defense Defense Time % Phy DF OF
1 Brett Lebda Dalton Prout 40 1 2 2
2 Luke Witkowski Roman Josi 30 1 2 2
3 Oscar Klefbom Nick Mattson 20 1 2 2
4 Brett Lebda Dalton Prout 10 1 2 2
PowerPlay Forward
Center Left Wing Right Wing Time % Phy DF OF
1 Kyle Brodziak Mason Raymond Tyler Kennedy 60 1 2 2
2 Erik Haula Tim Kennedy Spencer Machacek 40 1 2 2
PowerPlay Defense
Defense Defense Time % Phy DF OF
1 Brett Lebda Dalton Prout 60 1 2 2
2 Luke Witkowski Roman Josi 40 1 2 2
Penalty Kill 4 Players Forward
Center Wing Time % Phy DF OF
1 Tyler Kennedy Kyle Brodziak 60 1 2 2
2 Mason Raymond Spencer Machacek 40 1 2 2
Penalty Kill 4 Players Defense
Defense Defense Time % Phy DF OF
1 Brett Lebda Dalton Prout 60 1 2 2
2 Luke Witkowski Roman Josi 40 1 2 2
Penalty Kill - 3 Players Forward
Forward Time % Phy DF OF
1 Tyler Kennedy 60 1 2 2
2 Kyle Brodziak 40 1 2 2
Penalty Kill - 3 Players Defense
Defense Defense Time % Phy DF OF
1 Brett Lebda Dalton Prout 60 1 2 2
2 Luke Witkowski Roman Josi 40 1 2 2
4 vs 4 Forward
Center Wing Time % Phy DF OF
1 Tyler Kennedy Kyle Brodziak 60 1 2 2
2 Mason Raymond Spencer Machacek 40 1 2 2
4 vs 4 Defense
Defense Defense Time % Phy DF OF
1 Brett Lebda Dalton Prout 60 1 2 2
2 Luke Witkowski Roman Josi 40 1 2 2
Last Minutes Offensive
Center Left Wing Right Wing Defense Defense
Kyle Brodziak Mason Raymond Tyler Kennedy Brett Lebda Dalton Prout
Last Minutes Defensive
Center Left Wing Right Wing Defense Defense
Kyle Brodziak Mason Raymond Tyler Kennedy Brett Lebda Dalton Prout
Goaltenders
Starting : Mike Smith
Backup : Martin Jones
Extra Forwards
Normal : Teemu Pulkkinen, Tyler Pitlick, Rhett Rakhshani - PP : Teemu Pulkkinen, Tyler Pitlick - PK : Rhett Rakhshani
Extra Defensemen
Normal : Oscar Klefbom, Nick Mattson, Luke Witkowski - PP : Oscar Klefbom - PK : Nick Mattson, Luke Witkowski
Penalty Shots
Tyler Kennedy, Kyle Brodziak, Mason Raymond, Spencer Machacek, Erik Haula
% Time on Ice - Harfangs
Lines # - Real PCT - Wanted PCT - Time Play
Normal Forward
1 - 32% - 40% - 14:42
2 - 28% - 30% - 12:51
3 - 20% - 20% - 9:17
4 - 20% - 10% - 8:57
Normal Defense
1 - 41% - 40% - 18:48
2 - 31% - 30% - 14:07
3 - 25% - 20% - 11:24
4 - 3% - 10% - 1:28
PP Forward
1 - 64% - 60% - 3:01
2 - 36% - 40% - 1:40
PP Defense
1 - 52% - 60% - 2:27
2 - 48% - 40% - 2:14
PK Forward
1 - 73% - 60% - 5:19
2 - 27% - 40% - 1:57
PK Defense
1 - 61% - 60% - 4:24
2 - 39% - 40% - 2:52
PK3 Forward
1 - 0% - 60%
2 - 0% - 40%
PK3 Defense
1 - 0% - 60%
2 - 0% - 40%
44 Forward
1 - 77% - 60% - 1:14
2 - 23% - 40% - 0:22
44 Defense
1 - 64% - 60% - 1:01
2 - 36% - 40% - 0:35
Last Minute Offensive - 0:40
Last Minute Defensive - 0:00
Total
Forward - 60:00
Defense - 60:00
|
% Time on Ice - Saguenéens
Lines # - Real PCT - Wanted PCT - Time Play
Normal Forward
1 - 33% - 40% - 15:08
2 - 28% - 30% - 12:36
3 - 23% - 20% - 10:34
4 - 16% - 10% - 7:24
Normal Defense
1 - 41% - 40% - 18:32
2 - 31% - 30% - 13:59
3 - 24% - 20% - 10:45
4 - 5% - 10% - 2:26
PP Forward
1 - 58% - 60% - 4:11
2 - 42% - 40% - 3:05
PP Defense
1 - 59% - 60% - 4:18
2 - 41% - 40% - 2:58
PK Forward
1 - 88% - 60% - 4:07
2 - 12% - 40% - 0:34
PK Defense
1 - 55% - 60% - 2:35
2 - 45% - 40% - 2:06
PK3 Forward
1 - 0% - 60%
2 - 0% - 40%
PK3 Defense
1 - 0% - 60%
2 - 0% - 40%
44 Forward
1 - 80% - 60% - 1:17
2 - 20% - 40% - 0:19
44 Defense
1 - 46% - 60% - 0:44
2 - 54% - 40% - 0:52
Last Minute Offensive - 0:00
Last Minute Defensive - 0:45
Total
Forward - 60:00
Defense - 60:00
|
Play by Play
1st period
0:01 of 1st period - Kyle Brodziak wins face-off versus Mika Zibanejad in neutral zone.
0:34 of 1st period - Wrist shot by Emerson Etem.
0:34 of 1st period - Shot Hit the Post.
0:52 of 1st period - Tyler Pitlick is hit by Joel Armia and loses puck.
0:57 of 1st period - Snap shot by Brandon Pirri.
0:57 of 1st period - Stopped by Mike Smith with a rebound.
1:00 of 1st period - Icing by Carl Hagelin.
1:01 of 1st period - Carl Hagelin wins face-off versus Calle Jarnkrok in Saguenéens zone.
1:44 of 1st period - Wrist shot by Carl Hagelin.
1:44 of 1st period - Shot Misses the Net.
1:52 of 1st period - Wrist shot by Juraj Mikus.
1:52 of 1st period - Shot Misses the Net.
2:08 of 1st period - Wrist shot by Juraj Mikus.
2:08 of 1st period - Shot Blocked by Mark Alt.
2:24 of 1st period - Luke Witkowski is hit by Mike Hoffman and loses puck.
2:31 of 1st period - Wrist shot by Mike Hoffman.
2:31 of 1st period - Stopped by Mike Smith with a rebound.
2:33 of 1st period - Slapshot by Reid McNeill.
2:33 of 1st period - Stopped by Mike Smith with a rebound.
2:35 of 1st period - Snap shot by Mike Hoffman.
2:35 of 1st period - Shot Misses the Net.
2:43 of 1st period - Snap shot by Calle Jarnkrok.
2:43 of 1st period - Shot Misses the Net.
3:07 of 1st period - Slapshot by Mike Hoffman.
3:07 of 1st period - Deflect By Carl Hagelin.
3:07 of 1st period - Shot Misses the Net.
3:07 of 1st period - Puck is out of play.
3:08 of 1st period - Mika Zibanejad wins face-off versus Kyle Brodziak in Saguenéens zone.
3:57 of 1st period - Nathan Beaulieu is hit by Craig Cunningham and loses puck.
4:45 of 1st period - Slapshot by Emerson Etem.
4:45 of 1st period - Stopped by Mike Smith with a rebound.
5:09 of 1st period - Dalton Prout is hit by Brandon Pirri and loses puck.
8:15 of 1st period - Tomas Tatar is hit by Rickard Rakell and loses puck.
10:08 of 1st period - Icing by Brian Lashoff.
10:09 of 1st period - Erik Haula wins face-off versus Jean-Gabriel Pageau in Harfangs zone.
11:09 of 1st period - Slapshot by Dustin Jeffrey.
11:09 of 1st period - Stopped by Mike Smith without a rebound.
11:10 of 1st period - Rhett Rakhshani wins face-off versus Brandon Pirri in Saguenéens zone.
11:35 of 1st period - Snap shot by Mike Hoffman.
11:35 of 1st period - Shot Misses the Net.
11:41 of 1st period - Wrist shot by Rickard Rakell.
11:41 of 1st period - Stopped by Darcy Kuemper with a rebound.
11:43 of 1st period - Slapshot by Dalton Prout.
11:43 of 1st period - Shot Misses the Net.
11:44 of 1st period - Minor Penalty to Dalton Prout for Roughing.
11:45 of 1st period - Mika Zibanejad wins face-off versus Tyler Kennedy in Saguenéens zone.
11:52 of 1st period - Snap shot by Brock Nelson.
11:52 of 1st period - Stopped by Mike Smith with a rebound.
11:54 of 1st period - Backhand shot by Brock Nelson.
11:54 of 1st period - Shot Blocked by Tyler Kennedy.
11:56 of 1st period - Snap shot by Brock Nelson.
11:56 of 1st period - Goal by Brock Nelson - Harfangs : 1 - Saguenéens : 0.
11:57 of 1st period - Kyle Brodziak wins face-off versus Mika Zibanejad in neutral zone.
12:00 of 1st period - Snap shot by Tyler Kennedy.
12:00 of 1st period - Stopped by Darcy Kuemper with a rebound.
12:22 of 1st period - Tim Kennedy is hit by Brian Lashoff and loses puck.
12:53 of 1st period - Wrist shot by Mike Hoffman.
12:53 of 1st period - Shot Misses the Net.
13:26 of 1st period - Snap shot by Rhett Rakhshani.
13:26 of 1st period - Shot Misses the Net.
13:28 of 1st period - Wrist shot by Rhett Rakhshani.
13:28 of 1st period - Stopped by Darcy Kuemper with a rebound.
13:30 of 1st period - Snap shot by Rhett Rakhshani.
13:30 of 1st period - Shot Misses the Net.
13:32 of 1st period - Slapshot by Luke Witkowski.
13:32 of 1st period - Shot Blocked by Brock Nelson.
13:44 of 1st period - Snap shot by Erik Haula.
13:44 of 1st period - Shot Misses the Net.
14:02 of 1st period - Dylan Olsen is hit by Mason Raymond.
14:23 of 1st period - Snap shot by Juraj Mikus.
14:23 of 1st period - Stopped by Darcy Kuemper without a rebound.
14:24 of 1st period - Juraj Mikus wins face-off versus Brandon Pirri in Harfangs zone.
14:29 of 1st period - Snap shot by Tyler Pitlick.
14:29 of 1st period - Shot Misses the Net.
14:31 of 1st period - Minor Penalty to Joel Armia for Roughing.
14:32 of 1st period - Dustin Jeffrey wins face-off versus Kyle Brodziak in Harfangs zone.
16:31 of 1st period - Penalty to Joel Armia is over, Joel Armia is back on ice.
16:55 of 1st period - Minor Penalty to Jean-Gabriel Pageau for Roughing.
16:56 of 1st period - Erik Haula wins face-off versus Dustin Jeffrey in Harfangs zone.
17:26 of 1st period - Icing by Mason Raymond.
17:27 of 1st period - Kyle Brodziak wins face-off versus Tomas Tatar in Saguenéens zone.
17:41 of 1st period - Slapshot by Brett Lebda.
17:41 of 1st period - Deflect By Tyler Kennedy.
17:41 of 1st period - Shot Misses the Net.
17:41 of 1st period - Puck is out of play.
17:42 of 1st period - Kyle Brodziak wins face-off versus Dustin Jeffrey in Harfangs zone.
17:49 of 1st period - Snap shot by Mason Raymond.
17:49 of 1st period - Shot Blocked by Brian Lashoff.
17:51 of 1st period - Snap shot by Kyle Brodziak.
17:51 of 1st period - Goal by Kyle Brodziak - Harfangs : 1 - Saguenéens : 1.
17:52 of 1st period - Mason Raymond wins face-off versus Mika Zibanejad in neutral zone.
17:59 of 1st period - Snap shot by Tyler Kennedy.
17:59 of 1st period - Goal by Tyler Kennedy - Harfangs : 1 - Saguenéens : 2.
18:00 of 1st period - Mika Zibanejad wins face-off versus Kyle Brodziak in neutral zone.
18:02 of 1st period - Off-side.
18:03 of 1st period - Kyle Brodziak wins face-off versus Mika Zibanejad in neutral zone.
18:32 of 1st period - Snap shot by Tim Kennedy.
18:32 of 1st period - Shot Blocked by Brian Lashoff.
18:34 of 1st period - Snap shot by Spencer Machacek.
18:34 of 1st period - Shot Misses the Net.
18:36 of 1st period - Snap shot by Tim Kennedy.
18:36 of 1st period - Shot Blocked by Tomas Tatar.
18:38 of 1st period - Slapshot by Spencer Machacek.
18:38 of 1st period - Shot Misses the Net.
18:53 of 1st period - Icing by Tomas Tatar.
18:54 of 1st period - Rickard Rakell wins face-off versus Jean-Gabriel Pageau in Harfangs zone.
18:57 of 1st period - Wrist shot by Craig Cunningham.
18:57 of 1st period - Goal by Craig Cunningham - Harfangs : 1 - Saguenéens : 3.
18:58 of 1st period - Mika Zibanejad wins face-off versus Kyle Brodziak in neutral zone.
19:10 of 1st period - Wrist shot by Mason Raymond.
19:10 of 1st period - Stopped by Darcy Kuemper with a rebound.
19:22 of 1st period - Minor Penalty to Dalton Prout for Holding.
19:23 of 1st period - Mika Zibanejad wins face-off versus Tyler Kennedy in Saguenéens zone.
19:28 of 1st period - Wrist shot by Dennis Everberg.
19:28 of 1st period - Shot Blocked by Tyler Kennedy.
19:30 of 1st period - Wrist shot by Dennis Everberg.
19:30 of 1st period - Goal by Dennis Everberg - Harfangs : 2 - Saguenéens : 3.
19:31 of 1st period - Kyle Brodziak wins face-off versus Mika Zibanejad in neutral zone.
19:56 of 1st period - Emerson Etem is hit by Spencer Machacek and loses puck.
Goals for this period are 2 for Harfangs vs 3 for Saguenéens.
Shots for this period are 8 for Harfangs vs 8 for Saguenéens.
2nd period
0:01 of 2nd period - Mika Zibanejad wins face-off versus Kyle Brodziak in neutral zone.
0:34 of 2nd period - Snap shot by Brandon Pirri.
0:34 of 2nd period - Stopped by Mike Smith with a rebound.
0:40 of 2nd period - Snap shot by Spencer Machacek.
0:40 of 2nd period - Goal by Spencer Machacek - Harfangs : 2 - Saguenéens : 4.
0:40 of 2nd period - Mark Visentin enters game.
0:41 of 2nd period - Kyle Brodziak wins face-off versus Mika Zibanejad in neutral zone.
1:08 of 2nd period - Spencer Machacek is hit by Jean-Gabriel Pageau and loses puck.
1:37 of 2nd period - Off-side.
1:38 of 2nd period - Kyle Brodziak wins face-off versus Mika Zibanejad in neutral zone.
1:47 of 2nd period - Wrist shot by Kyle Brodziak.
1:47 of 2nd period - Shot Misses the Net.
1:49 of 2nd period - Wrist shot by Kyle Brodziak.
1:49 of 2nd period - Stopped by Mark Visentin without a rebound.
1:50 of 2nd period - Kyle Brodziak wins face-off versus Mika Zibanejad in Harfangs zone.
1:53 of 2nd period - Snap shot by Tyler Kennedy.
1:53 of 2nd period - Deflect By Kyle Brodziak.
1:53 of 2nd period - Shot Misses the Net.
1:53 of 2nd period - Puck is out of play.
1:54 of 2nd period - Mason Raymond wins face-off versus Mika Zibanejad in Harfangs zone.
1:59 of 2nd period - Wrist shot by Kyle Brodziak.
1:59 of 2nd period - Stopped by Mark Visentin without a rebound.
2:00 of 2nd period - Kyle Brodziak wins face-off versus Dennis Everberg in Harfangs zone.
2:03 of 2nd period - Snap shot by Tyler Kennedy.
2:03 of 2nd period - Stopped by Mark Visentin without a rebound.
2:04 of 2nd period - Kyle Brodziak wins face-off versus Mika Zibanejad in Harfangs zone.
2:11 of 2nd period - Snap shot by Brock Nelson.
2:11 of 2nd period - Stopped by Mike Smith with a rebound.
2:52 of 2nd period - Brandon Pirri is hit by Craig Cunningham and loses puck.
2:59 of 2nd period - Wrist shot by Brandon Pirri.
2:59 of 2nd period - Shot Hit the Post.
3:01 of 2nd period - Snap shot by Brandon Pirri.
3:01 of 2nd period - Stopped by Mike Smith without a rebound.
3:02 of 2nd period - Mika Zibanejad wins face-off versus Kyle Brodziak in Saguenéens zone.
3:03 of 2nd period - Backhand shot by Brock Nelson.
3:03 of 2nd period - Shot Blocked by Mason Raymond.
3:15 of 2nd period - Wrist shot by Kyle Brodziak.
3:15 of 2nd period - Shot Misses the Net.
4:06 of 2nd period - Minor Penalty to Rickard Rakell for Roughing.
4:07 of 2nd period - Tyler Kennedy wins face-off versus Mika Zibanejad in Saguenéens zone.
4:35 of 2nd period - Icing by Cam Fowler.
4:36 of 2nd period - Tomas Tatar wins face-off versus Tyler Kennedy in Harfangs zone.
4:57 of 2nd period - Spencer Machacek is hit by Brock Nelson and loses puck.
6:06 of 2nd period - Penalty to Rickard Rakell is over, Rickard Rakell is back on ice.
6:18 of 2nd period - Snap shot by Craig Cunningham.
6:18 of 2nd period - Stopped by Mark Visentin with a rebound.
6:20 of 2nd period - Snap shot by Rickard Rakell.
6:20 of 2nd period - Deflect By Rhett Rakhshani.
6:20 of 2nd period - Shot Blocked by Cam Fowler.
6:20 of 2nd period - Puck is out of play.
6:21 of 2nd period - Erik Haula wins face-off versus Brandon Pirri in Harfangs zone.
6:54 of 2nd period - Slapshot by Nathan Beaulieu.
6:54 of 2nd period - Stopped by Mike Smith without a rebound.
6:55 of 2nd period - Kyle Brodziak wins face-off versus Mika Zibanejad in Saguenéens zone.
7:19 of 2nd period - Brett Lebda is hit by Dylan Olsen.
7:23 of 2nd period - Snap shot by Erik Haula.
7:23 of 2nd period - Deflect By Spencer Machacek.
7:23 of 2nd period - Shot Misses the Net.
7:23 of 2nd period - Puck is out of play.
7:24 of 2nd period - Jean-Gabriel Pageau wins face-off versus Erik Haula in Harfangs zone.
7:39 of 2nd period - Wrist shot by Spencer Machacek.
7:39 of 2nd period - Stopped by Mark Visentin without a rebound.
7:40 of 2nd period - Mika Zibanejad wins face-off versus Kyle Brodziak in Harfangs zone.
7:40 of 2nd period - Minor Penalty to Mika Zibanejad for Cross-checking.
7:41 of 2nd period - Kyle Brodziak wins face-off versus Dustin Jeffrey in Harfangs zone.
8:54 of 2nd period - Icing by Mason Raymond.
8:55 of 2nd period - Kyle Brodziak wins face-off versus Dustin Jeffrey in Saguenéens zone.
9:40 of 2nd period - Penalty to Mika Zibanejad is over, Mika Zibanejad is back on ice.
9:53 of 2nd period - Backhand shot by Calle Jarnkrok.
9:53 of 2nd period - Stopped by Mike Smith with a rebound.
9:55 of 2nd period - Slapshot by Calle Jarnkrok.
9:55 of 2nd period - Shot Misses the Net.
9:57 of 2nd period - Snap shot by Mike Hoffman.
9:57 of 2nd period - Shot Blocked by Juraj Mikus.
10:07 of 2nd period - Roman Josi is hit by Mark Alt and loses puck.
10:16 of 2nd period - Tomas Tatar is hit by Rhett Rakhshani and loses puck.
11:00 of 2nd period - Mason Raymond is hit by Emerson Etem.
11:28 of 2nd period - Joel Armia is hit by Spencer Machacek and loses puck.
11:45 of 2nd period - Wrist shot by Carl Hagelin.
11:45 of 2nd period - Shot Misses the Net.
11:47 of 2nd period - Snap shot by Carl Hagelin.
11:47 of 2nd period - Stopped by Mark Visentin without a rebound.
11:48 of 2nd period - Jean-Gabriel Pageau wins face-off versus Mason Raymond in Harfangs zone.
11:57 of 2nd period - Snap shot by Mason Raymond.
11:57 of 2nd period - Stopped by Mark Visentin with a rebound.
11:59 of 2nd period - Slapshot by Tyler Kennedy.
11:59 of 2nd period - Stopped by Mark Visentin with a rebound.
12:01 of 2nd period - Slapshot by Roman Josi.
12:01 of 2nd period - Shot Blocked by Emerson Etem.
12:03 of 2nd period - Wrist shot by Luke Witkowski.
12:03 of 2nd period - Shot Blocked by Mark Alt.
13:03 of 2nd period - Snap shot by Tim Kennedy.
13:03 of 2nd period - Stopped by Mark Visentin with a rebound.
13:05 of 2nd period - Slapshot by Brett Lebda.
13:05 of 2nd period - Stopped by Mark Visentin with a rebound.
13:07 of 2nd period - Wrist shot by Spencer Machacek.
13:07 of 2nd period - Shot Blocked by Dustin Jeffrey.
13:09 of 2nd period - Slapshot by Dalton Prout.
13:09 of 2nd period - Shot Misses the Net.
13:11 of 2nd period - Snap shot by Erik Haula.
13:11 of 2nd period - Stopped by Mark Visentin with a rebound.
13:13 of 2nd period - Snap shot by Tim Kennedy.
13:13 of 2nd period - Shot Blocked by Brandon Pirri.
13:21 of 2nd period - Wrist shot by Spencer Machacek.
13:21 of 2nd period - Shot Blocked by Brandon Pirri.
13:23 of 2nd period - Snap shot by Brett Lebda.
13:23 of 2nd period - Shot Blocked by Cam Fowler.
13:25 of 2nd period - Snap shot by Erik Haula.
13:25 of 2nd period - Stopped by Mark Visentin with a rebound.
13:27 of 2nd period - Wrist shot by Erik Haula.
13:27 of 2nd period - Shot Misses the Net.
13:29 of 2nd period - Slapshot by Dalton Prout.
13:29 of 2nd period - Shot Blocked by Dustin Jeffrey.
13:31 of 2nd period - Snap shot by Dalton Prout.
13:31 of 2nd period - Shot Misses the Net.
13:33 of 2nd period - Wrist shot by Spencer Machacek.
13:33 of 2nd period - Stopped by Mark Visentin without a rebound.
13:34 of 2nd period - Kyle Brodziak wins face-off versus Mika Zibanejad in Harfangs zone.
13:47 of 2nd period - Wrist shot by Kyle Brodziak.
13:47 of 2nd period - Shot Blocked by Nathan Beaulieu.
14:34 of 2nd period - Snap shot by Jean-Gabriel Pageau.
14:34 of 2nd period - Shot Misses the Net.
14:36 of 2nd period - Snap shot by Tomas Tatar.
14:36 of 2nd period - Goal by Tomas Tatar - Harfangs : 3 - Saguenéens : 4.
14:37 of 2nd period - Kyle Brodziak wins face-off versus Mika Zibanejad in neutral zone.
14:40 of 2nd period - Slapshot by Brett Lebda.
14:40 of 2nd period - Stopped by Mark Visentin without a rebound.
14:41 of 2nd period - Kyle Brodziak wins face-off versus Mika Zibanejad in Harfangs zone.
14:48 of 2nd period - Wrist shot by Tyler Kennedy.
14:48 of 2nd period - Shot Misses the Net.
14:54 of 2nd period - Wrist shot by Kyle Brodziak.
14:54 of 2nd period - Shot Misses the Net.
15:16 of 2nd period - Slapshot by Juraj Mikus.
15:16 of 2nd period - Deflect By Tyler Pitlick.
15:16 of 2nd period - Shot Blocked by Cam Fowler.
15:16 of 2nd period - Puck is out of play.
15:17 of 2nd period - Kyle Brodziak wins face-off versus Jean-Gabriel Pageau in Harfangs zone.
15:20 of 2nd period - Wrist shot by Tyler Kennedy.
15:20 of 2nd period - Stopped by Mark Visentin with a rebound.
15:46 of 2nd period - Brandon Pirri is hit by Erik Haula.
15:54 of 2nd period - Snap shot by Dustin Jeffrey.
15:54 of 2nd period - Shot Misses the Net.
16:26 of 2nd period - Craig Cunningham is hit by Brian Lashoff and loses puck.
16:57 of 2nd period - Slapshot by Tomas Tatar.
16:57 of 2nd period - Stopped by Mike Smith with a rebound.
16:59 of 2nd period - Snap shot by Tomas Tatar.
16:59 of 2nd period - Shot Misses the Net.
17:46 of 2nd period - Mark Alt is hit by Spencer Machacek and loses puck.
18:22 of 2nd period - Craig Cunningham is hit by Nathan Beaulieu and loses puck.
18:47 of 2nd period - Snap shot by Rickard Rakell.
18:47 of 2nd period - Stopped by Mark Visentin without a rebound.
18:48 of 2nd period - Kyle Brodziak wins face-off versus Mika Zibanejad in Harfangs zone.
18:59 of 2nd period - Wrist shot by Tyler Kennedy.
18:59 of 2nd period - Stopped by Mark Visentin without a rebound.
19:00 of 2nd period - Kyle Brodziak wins face-off versus Mika Zibanejad in Harfangs zone.
19:31 of 2nd period - Slapshot by Tomas Tatar.
19:31 of 2nd period - Deflect By Jean-Gabriel Pageau.
19:31 of 2nd period - Shot Blocked by Roman Josi.
19:31 of 2nd period - Puck is out of play.
19:32 of 2nd period - Jean-Gabriel Pageau wins face-off versus Kyle Brodziak in Saguenéens zone.
19:33 of 2nd period - Wrist shot by Tomas Tatar.
19:33 of 2nd period - Deflect By Jean-Gabriel Pageau.
19:33 of 2nd period - Shot Misses the Net.
19:33 of 2nd period - Puck is out of play.
19:34 of 2nd period - Kyle Brodziak wins face-off versus Jean-Gabriel Pageau in Saguenéens zone.
Goals for this period are 1 for Harfangs vs 1 for Saguenéens.
Shots for this period are 7 for Harfangs vs 18 for Saguenéens.
3rd period
0:01 of 3rd period - Kyle Brodziak wins face-off versus Mika Zibanejad in neutral zone.
0:09 of 3rd period - Brock Nelson is hit by Dalton Prout and loses puck.
0:14 of 3rd period - Wrist shot by Brock Nelson.
0:14 of 3rd period - Shot Blocked by Tyler Kennedy.
0:38 of 3rd period - Wrist shot by Tim Kennedy.
0:38 of 3rd period - Stopped by Mark Visentin with a rebound.
0:56 of 3rd period - Slapshot by Dustin Jeffrey.
0:56 of 3rd period - Stopped by Mike Smith with a rebound.
0:58 of 3rd period - Slapshot by Brian Lashoff.
0:58 of 3rd period - Stopped by Mike Smith without a rebound.
0:59 of 3rd period - Kyle Brodziak wins face-off versus Mika Zibanejad in Saguenéens zone.
0:59 of 3rd period - Kyle Brodziak is hit by Mika Zibanejad.
1:26 of 3rd period - Emerson Etem is hit by Tyler Pitlick and loses puck.
2:47 of 3rd period - Icing by Mason Raymond.
2:48 of 3rd period - Tyler Kennedy wins face-off versus Jean-Gabriel Pageau in Saguenéens zone.
2:55 of 3rd period - Backhand shot by Tim Kennedy.
2:55 of 3rd period - Shot Misses the Net.
2:57 of 3rd period - Slapshot by Spencer Machacek.
2:57 of 3rd period - Goal by Spencer Machacek - Harfangs : 3 - Saguenéens : 5.
2:58 of 3rd period - Mika Zibanejad wins face-off versus Kyle Brodziak in neutral zone.
3:38 of 3rd period - Wrist shot by Brock Nelson.
3:38 of 3rd period - Deflect By Mika Zibanejad.
3:38 of 3rd period - Shot Misses the Net.
3:38 of 3rd period - Puck is out of play.
3:39 of 3rd period - Tyler Kennedy wins face-off versus Jean-Gabriel Pageau in Saguenéens zone.
3:39 of 3rd period - Tyler Kennedy is hit by Emerson Etem.
4:05 of 3rd period - Tim Kennedy is hit by Dustin Jeffrey and loses puck.
4:12 of 3rd period - Backhand shot by Dustin Jeffrey.
4:12 of 3rd period - Stopped by Mike Smith with a rebound.
4:14 of 3rd period - Snap shot by Brandon Pirri.
4:14 of 3rd period - Stopped by Mike Smith with a rebound.
4:18 of 3rd period - Wrist shot by Brandon Pirri.
4:18 of 3rd period - Shot Misses the Net.
4:36 of 3rd period - Off-side.
4:37 of 3rd period - Kyle Brodziak wins face-off versus Mika Zibanejad in neutral zone.
4:59 of 3rd period - Minor Penalty to Cam Fowler for Hooking.
5:00 of 3rd period - Dustin Jeffrey wins face-off versus Kyle Brodziak in Harfangs zone.
5:08 of 3rd period - Off-side.
5:09 of 3rd period - Kyle Brodziak wins face-off versus Dustin Jeffrey in neutral zone.
5:14 of 3rd period - Slapshot by Brett Lebda.
5:14 of 3rd period - Shot Blocked by Reid McNeill.
5:18 of 3rd period - Snap shot by Tyler Kennedy.
5:18 of 3rd period - Shot Blocked by Brian Lashoff.
5:20 of 3rd period - Slapshot by Tyler Kennedy.
5:20 of 3rd period - Shot Blocked by Brian Lashoff.
6:59 of 3rd period - Penalty to Cam Fowler is over, Cam Fowler is back on ice.
7:05 of 3rd period - Brett Lebda is hit by Reid McNeill and loses puck.
7:12 of 3rd period - Snap shot by Mike Hoffman.
7:12 of 3rd period - Stopped by Mike Smith with a rebound.
7:14 of 3rd period - Snap shot by Mike Hoffman.
7:14 of 3rd period - Deflect By Dennis Everberg.
7:14 of 3rd period - Stopped by Mike Smith without a rebound.
7:15 of 3rd period - Rickard Rakell wins face-off versus Calle Jarnkrok in Saguenéens zone.
8:15 of 3rd period - Wrist shot by Tyler Kennedy.
8:15 of 3rd period - Deflect By Mason Raymond.
8:15 of 3rd period - Shot Blocked by Emerson Etem.
8:15 of 3rd period - Puck is out of play.
8:16 of 3rd period - Jean-Gabriel Pageau wins face-off versus Kyle Brodziak in Harfangs zone.
8:16 of 3rd period - Jean-Gabriel Pageau is hit by Kyle Brodziak.
8:42 of 3rd period - Cam Fowler is hit by Brett Lebda and loses puck.
8:55 of 3rd period - Slapshot by Jean-Gabriel Pageau.
8:55 of 3rd period - Shot Blocked by Brett Lebda.
8:57 of 3rd period - Minor Penalty to Juraj Mikus for Hooking.
8:58 of 3rd period - Tyler Kennedy wins face-off versus Mika Zibanejad in Saguenéens zone.
9:20 of 3rd period - Minor Penalty to Mika Zibanejad for Hooking.
9:21 of 3rd period - Dustin Jeffrey wins face-off versus Tyler Kennedy in Harfangs zone.
10:08 of 3rd period - Wrist shot by Mason Raymond.
10:08 of 3rd period - Stopped by Mark Visentin with a rebound.
10:10 of 3rd period - Slapshot by Luke Witkowski.
10:10 of 3rd period - Stopped by Mark Visentin with a rebound.
10:12 of 3rd period - Slapshot by Spencer Machacek.
10:12 of 3rd period - Shot Misses the Net.
10:57 of 3rd period - Penalty to Juraj Mikus is over, Juraj Mikus is back on ice.
11:04 of 3rd period - Off-side.
11:05 of 3rd period - Tomas Tatar wins face-off versus Erik Haula in neutral zone.
11:08 of 3rd period - Wrist shot by Tomas Tatar.
11:08 of 3rd period - Goal by Tomas Tatar - Harfangs : 4 - Saguenéens : 5.
11:09 of 3rd period - Dustin Jeffrey wins face-off versus Kyle Brodziak in neutral zone.
11:20 of 3rd period - Penalty to Mika Zibanejad is over, Mika Zibanejad is back on ice.
11:46 of 3rd period - Slapshot by Jean-Gabriel Pageau.
11:46 of 3rd period - Stopped by Mike Smith with a rebound.
12:19 of 3rd period - Wrist shot by Spencer Machacek.
12:19 of 3rd period - Stopped by Mark Visentin with a rebound.
12:39 of 3rd period - Slapshot by Dylan Olsen.
12:39 of 3rd period - Stopped by Mike Smith without a rebound.
12:40 of 3rd period - Sebastian Wannstrom wins face-off versus Kyle Brodziak in Saguenéens zone.
13:10 of 3rd period - Brian Lashoff is hit by Tyler Pitlick and loses puck.
13:27 of 3rd period - Rhett Rakhshani is hit by Mika Zibanejad and loses puck.
14:11 of 3rd period - Wrist shot by Dylan Olsen.
14:11 of 3rd period - Shot Misses the Net.
14:13 of 3rd period - Wrist shot by Mike Hoffman.
14:13 of 3rd period - Stopped by Mike Smith with a rebound.
14:15 of 3rd period - Slapshot by Nathan Beaulieu.
14:15 of 3rd period - Stopped by Mike Smith with a rebound.
14:17 of 3rd period - Slapshot by Nathan Beaulieu.
14:17 of 3rd period - Stopped by Mike Smith with a rebound.
14:27 of 3rd period - Slapshot by Tomas Tatar.
14:27 of 3rd period - Stopped by Mike Smith without a rebound.
14:28 of 3rd period - Kyle Brodziak wins face-off versus Jean-Gabriel Pageau in Saguenéens zone.
14:28 of 3rd period - Kyle Brodziak is hit by Emerson Etem.
14:29 of 3rd period - Kyle Brodziak from Saguenéens is injured at 14:29 of 3rd period (Bruised Left Arm).
14:30 of 3rd period - Teemu Pulkkinen wins face-off versus Mika Zibanejad in Saguenéens zone.
14:45 of 3rd period - Snap shot by Dennis Everberg.
14:45 of 3rd period - Shot Blocked by Tyler Kennedy.
14:55 of 3rd period - Brian Lashoff is hit by Brett Lebda.
15:52 of 3rd period - Emerson Etem is hit by Spencer Machacek and loses puck.
16:09 of 3rd period - Tomas Tatar is hit by Mason Raymond and loses puck.
16:26 of 3rd period - Wrist shot by Mike Hoffman.
16:26 of 3rd period - Shot Misses the Net.
16:28 of 3rd period - Slapshot by Mike Hoffman.
16:28 of 3rd period - Stopped by Mike Smith without a rebound.
16:29 of 3rd period - Brandon Pirri wins face-off versus Juraj Mikus in Saguenéens zone.
16:34 of 3rd period - Slapshot by Brandon Pirri.
16:34 of 3rd period - Deflect By Dustin Jeffrey.
16:34 of 3rd period - Stopped by Mike Smith with a rebound.
16:36 of 3rd period - Snap shot by Joel Armia.
16:36 of 3rd period - Stopped by Mike Smith with a rebound.
16:38 of 3rd period - Snap shot by Brandon Pirri.
16:38 of 3rd period - Shot Hit the Post.
16:40 of 3rd period - Slapshot by Cam Fowler.
16:40 of 3rd period - Shot Blocked by Dalton Prout.
16:54 of 3rd period - Dennis Everberg is hit by Mason Raymond and loses puck.
17:05 of 3rd period - Snap shot by Mason Raymond.
17:05 of 3rd period - Shot Misses the Net.
17:15 of 3rd period - Minor Penalty to Mason Raymond for Tripping.
17:16 of 3rd period - Tyler Kennedy wins face-off versus Mika Zibanejad in Saguenéens zone.
17:29 of 3rd period - Tyler Kennedy is hit by Nathan Beaulieu and loses puck.
19:15 of 3rd period - Penalty to Mason Raymond is over, Mason Raymond is back on ice.
19:26 of 3rd period - Dustin Jeffrey is hit by Rhett Rakhshani.
19:30 of 3rd period - Harfangs, Mark Visentin is pulled from the net.
19:47 of 3rd period - Wrist shot by Mason Raymond.
19:47 of 3rd period - Shot Misses the Net.
19:56 of 3rd period - Wrist shot by Rhett Rakhshani.
19:56 of 3rd period - Shot Blocked by Brian Lashoff.
19:58 of 3rd period - Wrist shot by Brett Lebda.
19:58 of 3rd period - Shot Blocked by Cam Fowler.
Goals for this period are 1 for Harfangs vs 1 for Saguenéens.
Shots for this period are 16 for Harfangs vs 5 for Saguenéens.
Back to the Top